 Dungeon Crawl Stone Soup version 0.25.1-2-g60ff931df9 (webtiles) character file.

Game seed: 4675584115953088085

204 Zorot the Ruffian (level 5, -1/28 HPs)
             Began as a Vine Stalker Gladiator on Aug 24, 2020.
             Was a Follower of Cheibriados.
             Slain by a gnoll
             ... wielding a +0 halberd
              (12 damage)
             ... on level 3 of the Dungeon.
             The game lasted 00:04:58 (2684 turns).

Zorot the Ruffian (Vine Stalker Gladiator)          Turns: 2684, Time: 00:04:58

Health: -1/28      AC:  7    Str: 18 (19) XL:     5   Next: 82%
Magic:  0/6        EV: 10    Int:  7 (10) God:    Cheibriados [*.....]
Gold:   123        SH:  4    Dex: 17 (18) Spells: 4/4 levels left

rFire    . . .     SeeInvis .     - Unarmed
rCold    . . .     Gourm    .   m - +0 buckler
rNeg     . . .     Faith    .   q - +0 scale mail
rPois    .         Spirit   +   b - +0 helmet
rElec    .         Reflect  .   (no cloak)
rCorr    .         Harm     .   (no gloves)
MR       .....                  (no boots)
Stlth    +.........             (no amulet)
HPRegen  0.49/turn              r - ring of stealth
MPRegen  0.10/turn              (no ring)

@: very slow
A: fangs 2, regeneration 1, magic shield, antimagic bite, no potion heal 3, rot
immunity
a: Bend Time, Renounce Religion


You were on level 3 of the Dungeon.
You worshipped Cheibriados.
Cheibriados was aware of your devotion.
You were not hungry.

You visited 1 branch of the dungeon, and saw 3 of its levels.

You collected 123 gold pieces.

Inventory:

Missiles
 c - 3 throwing nets (quivered)
Armour
 a - a +0 leather armour
 b - a +0 helmet (worn)
 m - a +0 buckler (worn)
 q - a +0 scale mail (worn)
Jewellery
 r - a ring of stealth (left hand)
Scrolls
 e - 2 scrolls of random uselessness {unknown}
 f - 3 scrolls of identify {unknown}
 g - 2 scrolls of blinking {unknown}
 j - 2 scrolls of fear {unknown}
 k - 3 scrolls of teleportation {unknown}
Potions
 i - a potion of curing
 n - a potion of mutation {unknown}
 o - a potion of stabbing {unknown}
Comestibles
 d - 6 rations
 h - 3 chunks of flesh


   Skills:
 + Level 3.4 Fighting
 - Level 1.7 Throwing
 - Level 2.4 Dodging
 + Level 5.3 Unarmed Combat


You had 4 spell levels left.
You didn't know any spells.
Your spell library was empty.

Dungeon Overview and Level Annotations

Branches:
Dungeon (3/15)

Altars:
Cheibriados
Fedhas
Yredelemnul

Annotations:
D:3 3 runed translucent doors


Innate Abilities, Weirdness & Mutations

You have extremely sharp teeth.
Your natural rate of healing is unusually fast.
When hurt, damage is shared between your health and your magic reserves.
Your bite disrupts and absorbs the magic of your enemies.
Potions cannot restore your health.
You are immune to rotting.


Message History

You block the gnoll's attack. The gnoll hits you but does no damage.
The gnoll hits you from afar with a +0 spear.
Your transformation is almost over.
The gnoll hits you from afar with a +0 spear.
The gnoll hits you but does no damage. The gnoll hits you but does no damage.
The gnoll hits you but does no damage. The gnoll hits you but does no damage.
You block the gnoll's attack. You block the gnoll's attack.
The gnoll hits you but does no damage.
The gnoll hits you from afar with a +0 spear.
The gnoll hits you but does no damage.
You feel less wooden.
Your +0 helmet unmelds from your body.
Your +0 scale mail unmelds from your body.
The gnoll hits you from afar with a +0 spear.
The gnoll hits you from afar with a +0 halberd!
You die...

#...
#..
#?.
...
#.#
#)#
#g#
#g#
#@#
#.#
#.#
#.#
#.#
#.#
#.#
#.#
#.#


You could see 2 gnolls.

Vanquished Creatures
  Natasha (thrice) (D:2)
  Robin (D:2)
  3 gnolls
  2 adders (D:2)
  3 worms (D:2)
  2 dart slugs
  A leopard gecko (D:1)
  An orc (D:3)
  3 giant cockroaches
  15 goblins
  7 hobgoblins
  6 bats
  A frilled lizard (D:2)
  8 kobolds
  8 rats
64 creatures vanquished.

Notes
Turn   | Place    | Note
-------+----------+-------------------------------------------
     0 | D:1      | Zorot the Vine Stalker Gladiator began the quest for the
                  | Orb.
     0 | D:1      | Reached XP level 1. HP: 11/11 MP: 2/2
   505 | D:1      | Reached XP level 2. HP: 15/15 MP: 3/3
   526 | D:2      | Noticed Natasha
   536 | D:2      | Killed Natasha
   536 | D:2      | Reached XP level 3. HP: 8/19 MP: 4/4
   724 | D:2      | Noticed Robin
  1365 | D:2      | Gained mutation: Your natural rate of healing is unusually
                  | fast. [Vine Stalker growth]
  1365 | D:2      | Reached XP level 4. HP: 23/23 MP: 5/5
  1368 | D:2      | Reached skill level 4 in Unarmed Combat
  1414 | D:2      | Killed Robin
  1732 | D:2      | Found a blossoming altar of Fedhas.
  1738 | D:2      | Found a snail-covered altar of Cheibriados.
  1747 | D:2      | Became a worshipper of Cheibriados the Contemplative
  1833 | D:2      | Found a basalt altar of Yredelemnul.
  1840 | D:2      | Noticed Natasha
  1852 | D:2      | Killed Natasha
  1852 | D:2      | Reached XP level 5. HP: 22/28 MP: 6/6
  2016 | D:2      | Noticed Natasha
  2036 | D:2      | Killed Natasha
  2154 | D:2      | Reached skill level 5 in Unarmed Combat
  2527 | D:3      | Found a runed translucent gate.
  2527 | D:3      | Found a runed translucent gate.
  2533 | D:3      | Found a runed translucent gate.
  2646 | D:3      | Reached * piety under Cheibriados
  2684 | D:3      | Slain by a gnoll

Illustrated notes

Levels and vault maps discovered:
D:1:      minmay_arrival_checkered_box, layout_rooms
D:2:      layout_loops_corners, yredelemnul_altar_generic, lemuel_crystal_altar,
          first_ration, fedhas_altar_1, uniq_robin, uniq_natasha
D:3:      layout_basic, marbit_many_paths, gammafunk_ghost_icy

Skill      XL: |  1  2  3  4  5 |
---------------+----------------+-----
Fighting       | 2 3 |  3.4
Unarmed Combat | 4 5 |  5.3
Throwing       | |  1.7
Dodging        | |  2.4

Action                   |  1- 3 |  4- 6 || total
-------------------------+-------+-------++-------
Melee: Unarmed           |    76 |   146 ||   222
       Bite              |    17 |    44 ||    61
       Punch             |     3 |     1 ||     4
  Use: Potion            |       |     3 ||     3
 Stab: Sleeping          |       |     1 ||     1
  Eat: Chunk             |     1 |     5 ||     6
Armor: Leather armour    |    12 |    17 ||    29
       Scale mail        |       |    26 ||    26
       Skin              |       |    22 ||    22
Dodge: Dodged            |    51 |    63 ||   114
Block: Buckler           |       |    23 ||    23
